 Dungeon Crawl Stone Soup version 0.32-a0-960-g3814254bd7 (webtiles) character file.

Game seed: 6313250153900116281

4144 trashops the Cleaver (level 10, -5/126 HPs)
             Began as a Mountain Dwarf Fighter on Apr 17, 2024.
             Was an Elder of Okawaru.
             Killed from afar by a gnoll (8 damage)
             ... with a bolt of dispelling energy
             ... on level 8 of the Dungeon.
             The game lasted 00:13:43 (7010 turns).

trashops the Cleaver (Mountain Dwarf Fighter)       Turns: 7010, Time: 00:13:44

Health: -5/126     AC: 25    Str: 29    XL:     10   Next: 7%
Magic:  10/10      EV:  2    Int:  9    God:    Okawaru [****..]
Gold:   389        SH:  9    Dex:  9    Spells: 9/9 levels left

rFire   . . .        a - +0 war axe (elec)
rCold   . . .        m - +0 kite shield
rNeg    . . .        c - melded +0 plate armour
rPois   +            l - melded +2 helmet
rElec   .            e - melded +0 cloak
rCorr   .            n - melded +0 pair of gloves
SInv    .            h - melded +1 pair of boots {rampage}
Will    +....        (no amulet)
Stlth   +            g - +4 ring of slaying
HPRegen 0.41/turn    t - +6 ring of strength
MPRegen 0.12/turn

%: no passive effects
@: tree-form (expiring), studying Hexes
A: stationary, stasis, torment immunity, boosted hp, runic magic, artefact
enchanting
a: Renounce Religion, Heroism, Finesse


You were on level 8 of the Dungeon.
You worshipped Okawaru.
Okawaru was greatly pleased with you.
You were a tree.
You visited 2 branches of the dungeon, and saw 9 of its levels.

You collected 515 gold pieces.
You spent 126 gold pieces at shops.

Inventory:

Hand Weapons
 a - a +0 war axe of electrocution (weapon)
 o - a +2 hand axe of flaming
Missiles
 q - 2 throwing nets (quivered)
Armour
 c - a +0 plate armour (melded)
 e - a +0 cloak (melded)
 h - a +1 pair of boots of rampaging (melded)
 l - a +2 helmet (melded)
 m - a +0 kite shield (worn)
 n - a +0 pair of gloves (melded)
Jewellery
 g - a +4 ring of slaying (left branch)
 t - a +6 ring of strength (right branch)
Wands
 b - a wand of warping (9)
 d - a wand of flame (49)
Scrolls
 f - 3 scrolls of teleportation
 j - 2 scrolls of brand weapon
 u - a scroll of fog {unknown}
 x - a scroll of revelation {unknown}
Potions
 i - a potion of resistance
 k - 4 potions of attraction
 p - a potion of brilliance
 r - a potion of might
 s - a potion of mutation


   Skills:
 + Level 6.5 Fighting
 * Level 13.6 Axes
 + Level 6.8 Armour
 + Level 6.6 Shields


You had 9 spell levels left.
You didn't know any spells.
Your spell library contained the following spells:

 Spells                   Type           Power      Damage    Failure   Level
 Foxfire                  Conj/Fire      0%         2x1d4     56%         1
 Magic Dart               Conj           0%         1d3       56%         1
 Necrotise                Necr           0%         1d4       56%         1
 Blink                    Tloc           0%         N/A       71%         2
 Dazzling Flash           Conj/Hex       0%         N/A       91%         3
 Mephitic Cloud           Conj/Alch/Air  0%         N/A       91%         3
 Sigil of Binding         Hex            0%         N/A       91%         3
 Vampiric Draining        Necr           0%         2d6       91%         3
 Anguish                  Hex/Necr       0%         N/A       100%        4
 Cause Fear               Hex            0%         N/A       100%        4
 Dimensional Bullseye     Hex/Tloc       0%         N/A       100%        4
 Iskenderun's Mystic Bla Conj/Tloc 0%             2d3        (+2d1     100%        4
 Leda's Liquefaction      Alch/Erth      0%         N/A       100%        4
 Passage of Golubria      Tloc           0%         N/A       100%        4
 Petrify                  Alch/Erth      0%         N/A       100%        4
 Curse of Agony           Necr           0%         N/A       100%        5
 Metabolic Englaciation   Hex/Ice        0%         N/A       100%        5
 Silence                  Hex/Air        0%         N/A       100%        5
 Yara's Violent Unravell  Hex/Alch       0%         3d3       100%        5
 Plasma Beam              Fire/Air       0%         2x1d10    100%        6
 Starburst                Conj/Fire      0%         6d3       100%        6
 Enfeeble                 Hex            0%         N/A       100%        7
 Call Imp                 Summ           Unusable   N/A       N/A         2
 Tukima's Dance           Hex            Unusable   N/A       N/A         3
 Martyr's Knell           Necr/Summ      Unusable   N/A       N/A         4

Dungeon Overview and Level Annotations

Branches:
Dungeon (8/15)             Temple (1/1) D:4
   Lair: D:8-11

Altars:
Cheibriados
Dithmenos
Elyvilon
Fedhas
Gozag
Hepliaklqana
Kikubaaqudgha
Makhleb
Nemelex Xobeh
Okawaru
Qazlal
Ru
Sif Muna
Trog
Uskayaw
Vehumet
Wu Jian
Xom
Yredelemnul
Zin
The Shining One

Shops:
D:5 *:?*![

Annotations:
D:8 1 transporter, wally255's ghost, novice TrFi


Innate Abilities, Weirdness & Mutations

You are a tree.
Your roots penetrate the ground, keeping you stationary.
You cannot be teleported.
You are immune to unholy pain and torment.
Your maximum health is greatly increased.
Your equipment is partially melded.
Your spellcasting is much less encumbered by armour.
You can use scrolls of enchantment on lesser artefacts.


Message History

You feel sick.
Wally255's ghost attacks as it pursues you!
Wally255's ghost hits you but does no damage.
The gnoll sergeant attacks as it pursues you!
You block the gnoll sergeant's attack.
You see here a +0 spear.
You feel sick.
The gnoll sergeant attacks as it pursues you!
The gnoll sergeant hits you but does no damage.
You feel sick.
The gnoll sergeant attacks as it pursues you!
The gnoll sergeant hits you but does no damage.
You are electrocuted!!
* * * LOW HITPOINT WARNING * * *
Wally255's ghost feints to the right.
There is an open translucent door here.
You feel sick.
You feel sick.
You feel sick.
The gnoll zaps a wand.
You resist with almost no effort.
Wally255's ghost attacks as it pursues you!
Wally255's ghost hits you!
* * * LOW HITPOINT WARNING * * *
You turn into a tree.
Your +0 cloak melds into your body.
Your +2 helmet melds into your body.
Your +0 pair of gloves melds into your body.
Your +1 pair of boots of rampaging melds into your body.
Your +0 plate armour melds into your body.
You no longer feel able to rampage towards enemies.
Your roots penetrate the ground.
You feel sick.
You are no longer poisoned.
Wally255's ghost hits you.
* * * LOW HITPOINT WARNING * * *
You slash wally255's ghost!
Wally255's ghost is moderately damaged.
The gnoll zaps a wand.
The bolt of dispelling energy hits the gnoll!!
The gnoll dies!
The bolt of dispelling energy hits you!
Your magical effects are unravelling.
You die...

#......................####)#..
###.##############.......####...#
.................................
≈≈≈≈≈≈≈≈≈...≈≈≈≈≈≈≈≈≈≈≈..###.....
≈≈≈≈≈≈≈≈≈...≈≈≈≈≈≈≈≈≈≈≈..........
#####...........#####≈≈..###.....
#.#.#.###.©.###.#.#.#≈≈..........
#g..###.#####©###...#≈≈..###.....
###.........)...♣.###≈≈..# #.....
.ß#.######g######W#ß.≈≈.## ######
.##.#.(.#ß..#.gg#g##.≈≈.#########
.#Wg'..:#⌠©.)))g'..#.~~.##.......
.##g#.. #ß).#.⌠.#.##.≈≈....(.....
.ß#.######'######.#ß.≈≈..........
###...............###≈≈..........
#...###.#####.###...#≈≈..........
#g#g#.###.©.###.#.#.#≈≈..........


You could see 3 gnoll sergeants, a gnoll bouda, wally255's ghost and a gnoll.

Vanquished Creatures
  A two-headed ogre (D:8)
  A steam dragon (D:8)
  Menkaure (D:7)
  An acid dragon (D:8)
  A water moccasin (D:8)
  Duvessa (D:6)
  A sky beast (D:6)
  An ice beast (D:6)
  4 centaurs
  A kobold brigand (D:7)
  3 bullfrogs
  A gnoll sergeant (D:8)
  7 scorpions
  Dowan (D:7)
  7 wights
  3 howler monkeys
  4 orc priests
  A bombardier beetle (D:4)
  3 hounds
  Crazy Yiuf (D:3)
  3 gnoll boudas
  3 sleepcaps
  Jessica (D:2)
  Terence (D:3)
  5 iguanas
  4 orc wizards
  Robin (D:2)
  17 gnolls
  12 adders
  2 shadow imps
  3 white imps
  2 ufetubi (D:5)
  A dart slug (D:3)
  19 orcs
  7 ball pythons
  15 bats
  9 endoplasms
  2 giant cockroaches
  16 goblins
  8 hobgoblins
  10 jackals
  5 quokkas
  12 frilled lizards
  10 kobolds
  9 rats
221 creatures vanquished.

Vanquished Creatures (others)
  An orc warrior (D:8)
  A gnoll (D:8)
  A goblin (D:2)
  A kobold (D:7)
4 creatures vanquished.

Grand Total: 225 creatures vanquished

Notes
Turn   | Place    | Note
-------+----------+-------------------------------------------
     0 | D:1      | trashops the Mountain Dwarf Fighter began the quest for the
                  | Orb.
     0 | D:1      | Reached XP level 1. HP: 19/19 MP: 1/1
   155 | D:1      | Reached XP level 2. HP: 26/26 MP: 2/2
   411 | D:1      | Reached skill level 3 in Axes
   475 | D:1      | Reached XP level 3. HP: 31/31 MP: 3/3
   691 | D:1      | Found a faded altar of an unknown god.
  1059 | D:2      | Found a sacrificial altar of Ru.
  1067 | D:2      | Reached skill level 4 in Axes
  1087 | D:2      | Reached XP level 4. HP: 40/40 MP: 4/4
  1109 | D:2      | Noticed Jessica
  1112 | D:2      | Killed Jessica
  1251 | D:2      | Noticed Robin
  1267 | D:2      | Killed Robin
  1584 | D:3      | Reached XP level 5. HP: 44/46 MP: 5/5
  1621 | D:3      | Found a white marble altar of Elyvilon.
  1706 | D:3      | Noticed Terence
  1710 | D:3      | Killed Terence
  1711 | D:3      | Reached skill level 5 in Axes
  1782 | D:3      | Found a runed translucent door.
  1783 | D:3      | Noticed Crazy Yiuf
  1792 | D:3      | Killed Crazy Yiuf
  2129 | D:4      | Found a shimmering altar of Xom.
  2272 | D:4      | Reached skill level 6 in Axes
  2302 | D:4      | Reached XP level 6. HP: 47/52 MP: 6/6
  2694 | D:4      | Found a staircase to the Ecumenical Temple.
  2702 | Temple   | Entered the Ecumenical Temple
  2713 | Temple   | Became a worshipper of Warmaster Okawaru
  2909 | D:5      | Entered Level 5 of the Dungeon
  2946 | D:5      | Reached skill level 7 in Axes
  2985 | D:5      | Reached XP level 7. HP: 48/60 MP: 7/7
  3191 | D:5      | Reached skill level 8 in Axes
  3310 | D:4      | Reached * piety under Okawaru
  3621 | D:5      | Found Zyesarol's Magic Scroll Shoppe.
  3623 | D:5      | Found Ejerott's Distillery.
  3638 | D:5      | Found Luoghiru's Book Emporium.
  3678 | D:5      | Found an opulent altar of Gozag.
  3678 | D:5      | Found Gozag's Platinum Reserve.
  3741 | D:5      | Found a hide-covered altar of Uskayaw.
  3807 | D:5      | Found Dodann's Antique Armour Boutique.
  3813 | D:5      | Bought a kite shield for 126 gold pieces
  3893 | D:5      | Found Soip's Assorted Antiques.
  4024 | D:5      | Reached skill level 5 in Armour
  4049 | D:5      | Reached skill level 9 in Axes
  4053 | D:5      | Reached XP level 8. HP: 62/67 MP: 8/8
  4064 | D:5      | Reached skill level 5 in Fighting
  4067 | D:5      | Found the +11 Singing Sword {sonic wave}
  4288 | D:6      | Reached skill level 10 in Axes
  4430 | D:6      | Reached ** piety under Okawaru
  4896 | D:7      | Noticed Menkaure
  5019 | D:6      | Reached skill level 11 in Axes
  5032 | D:7      | Reached skill level 5 in Shields
  5070 | D:7      | Killed Menkaure
  5283 | D:7      | Reached XP level 9. HP: 74/74 MP: 9/9
  5382 | D:7      | Noticed Duvessa
  5382 | D:7      | Noticed Dowan
  5439 | D:6      | Killed Duvessa
  5443 | D:6      | Reached *** piety under Okawaru
  5444 | D:6      | Reached skill level 12 in Axes
  5520 | D:7      | Killed Dowan
  5908 | D:7      | Found an ancient bone altar of Kikubaaqudgha.
  5908 | D:7      | Found an ornate altar of the Wu Jian Council.
  6188 | D:8      | Noticed a two-headed ogre
  6307 | D:8      | Killed a two-headed ogre
  6308 | D:8      | Reached skill level 13 in Axes
  6459 | D:8      | Found a transporter.
  6459 | D:8      | Found a transporter.
  6493 | D:8      | Noticed wally255's ghost (novice TrFi)
  6539 | D:8      | Reached XP level 10. HP: 38/84 MP: 10/10
  6704 | D:8      | Reached **** piety under Okawaru
  6967 | D:8      | Identified the ring of the Blind Eye {Int+2 SInv}
  7009 | D:8      | HP: 2/126 [wally255's ghost (5)]
  7010 | D:8      | Killed from afar by a gnoll

Illustrated notes

Levels and vault maps discovered:
D:1:      eino_arrival_water_star, layout_basic,
          dilly_ecumenical_altar_fadedgnrine
D:2:      layout_rooms, basic_altar, minmay_misc_feat_secret_circle,
          uniq_jessica, uniq_robin
D:3:      layout_rooms, nicolae_elyvilon_temple_path, uniq_crazy_yiuf_cottage,
          uniq_terence
D:4:      layout_basic, lemuel_coloured_pillars_altar,
          minmay_temple_entry_nine_rooms
D:5:      old_forge, layout_rooms, nicolae_uskayaw_murder_on_the_dancefloor,
          nicolae_gozag_zags_fifth_avenue, serial_shops,
          nicolae_shop_just_a_little_nook, shop, nicolae_shop_stone, shop,
          nicolae_shop_pleasant_corner_grove
D:6:      layout_rooms, minmay_lizard_king
D:7:      layout_basic, nicolae_overflow_two_pavilions, minmay_misc_feat_rows,
          hangedman_decor_push, uniq_duvessa, uniq_menkaure
D:8:      layout_rooms, gammafunk_ghost_gnarly_gnolls, chequers_jeans,
          minmay_misc_feat_five, minmay_manual_mares
Temple:   nicolae_temple_superstar

Skill      XL: |  1  2  3  4  5  6  7  8  9 |
---------------+----------------------------+-----
Axes           | 3 4 6 7 9 11 13 | 13.6
Fighting       | 4 5 6 |  6.5
Armour         | 4 5 6 |  6.8
Shields        | 4 5 6 |  6.6

Action                     |  1- 3 |  4- 6 |  7- 9 | 10-12 || total
---------------------------+-------+-------+-------+-------++-------
  Melee: War axe           |   105 |   159 |   243 |    25 ||   532
  Evoke: Wand              |       |       |     1 |       ||     1
    Use: Potion            |     4 |     4 |       |     2 ||    10
         Scroll            |     3 |     2 |     7 |       ||    12
   Stab: Held in net/web   |       |       |     1 |       ||     1
 Armour: Scale mail        |    91 |   179 |    44 |       ||   314
         Plate armour      |       |       |   177 |    33 ||   210
         Skin              |       |       |       |     2 ||     2
  Dodge: Dodged            |    36 |    87 |    48 |     8 ||   179
  Block: Buckler           |    30 |    37 |    13 |       ||    80
         Kite shield       |       |       |   118 |    16 ||   134

Table legend: (Time is in decaauts)
 A = Elapsed time spent in this place.
 B = Non-inter-level travel time spent in this place.
 C = Inter-level travel time spent in this place.
 D = Time resting spent in this place.
 E = Time spent auto-exploring this place.
 F = Levels seen in this place.
 G = Mean time per level.
                   A        B        C        D        E       F      G
               +--------+--------+--------+--------+--------+-----+--------+
         Total |   7116 |   6834 |    282 |   1525 |   3840 |   9 |  790.7 |
       Dungeon |   7093 |   6821 |    272 |   1525 |   3840 |   8 |  886.6 |
        Temple |     22 |     12 |     10 |      0 |      0 |   1 |   22.0 |
               +--------+--------+--------+--------+--------+-----+--------+

Top non-repeatable levels by time:
     D:4: 1281 daAuts
     D:6: 1126 daAuts
     D:7: 938 daAuts
     D:5: 832 daAuts
     D:8: 798 daAuts
     D:2: 796 daAuts
     D:1: 787 daAuts
     D:3: 532 daAuts
  Temple: 22 daAuts
